 Dungeon Crawl Stone Soup version 0.27-a0-1185-ga233589e6f (webtiles) character file.

Game seed: 9814530911251857213

10 EnegeticOcto the Sneak (level 2, -1/16 HPs)
             Began as a Spriggan Delver on May 19, 2021.
             Slain by a black bear (3 damage)
             ... on level 4 of the Dungeon.
             The game lasted 00:01:00 (165 turns).

EnegeticOcto the Sneak (Spriggan Delver)             Turns: 165, Time: 00:01:01

Health: -1/16      AC:  2    Str:  8    XL:     2   Next: 10%
Magic:  3/3        EV: 17    Int: 11    God:
Gold:   8          SH:  0    Dex: 16    Spells: 1/1 levels left

rFire    . . .     SeeInvis +   a - +0 short sword
rCold    . . .     Faith    .   (shield restricted)
rNeg     . . .     Spirit   .   b - +0 robe
rPois    .         Reflect  .   (helmet restricted)
rElec    .         Harm     .   (no cloak)
rCorr    .         Rampage  .   (gloves unavailable)
Will     .....                  (boots unavailable)
Stlth    ++++......             (no amulet)
HPRegen  0.05/turn              (no ring)
MPRegen  0.08/turn              (no ring)

@: very quick
A: very small, no large weapons, unfitting armour, see invisible, speed 3
a: no special abilities


You were on level 4 of the Dungeon.
You visited 1 branch of the dungeon, and saw 2 of its levels.

You collected 8 gold pieces.

Inventory:

Hand Weapons
 a - a +0 short sword (weapon)
Armour
 b - a +0 robe (worn)
Wands
 g - a wand of digging (3) {@v3}
Scrolls
 c - a scroll of fog {!r}
 d - a scroll of magic mapping {@r5 !r}
 e - a scroll of fear {!r}
 h - a scroll of teleportation {unknown}
 j - 2 scrolls of identify {unknown}
Potions
 f - a potion of haste {@q4 !q}
 i - a potion of magic {unknown}


   Skills:
 - Level 2.4 Fighting
 + Level 3.1 Short Blades
 - Level 2.6 Dodging
 - Level 7.2 Stealth


You had one spell level left.
You didn't know any spells.
Your spell library contained the following spells:

 Spells                   Type           Power      Damage    Failure   Level
 Magic Dart               Conj           0%         1d3       34%         1
 Searing Ray              Conj           0%         3d3       47%         2
 Dazzling Flash           Conj/Hex       0%         N/A       71%         3
 Fulminant Prism          Conj/Hex       0%         3d6       98%         4
 Iskenderun's Mystic Bla  Conj/Tloc      0%         2d3       98%         4


Dungeon Overview and Level Annotations

Branches:
Dungeon (5/15)
 Temple: D:4-7

Altars:

Shops:
D:5 (


Innate Abilities, Weirdness & Mutations

You are very small and have problems with some larger weapons.
You are too small for most types of armour.
You have supernaturally acute eyesight. (SInv)
You cover ground extremely quickly. (Speed+++)


Message History

Welcome, EnegeticOcto the Spriggan Delver.
Will you prevail where others failed? Will you find the Orb of Zot?
Press ? for a list of commands and other information.
Found a stone staircase leading down and a stone staircase leading up.
Found 11 gold pieces.
Found a stone staircase leading up.
Found a silver ring.
There is a stone staircase leading up here.
An adder comes into view.
Found Dybbokitz's Weapon Shop.
There is a stone staircase leading up here.
You climb upwards.
There is a stone staircase leading down here.
Found a metal-bound book.
You pick up a book of Conjurations and begin reading...
You add the spells Magic Dart, Searing Ray, Dazzling Flash, Fulminant Prism and Iskenderun's Mystic Blast to your library.
Found a scroll labelled ALEHOI UMISCHEA.
Found a fuming yellow potion.
h - a scroll labelled ALEHOI UMISCHEA
i - a fuming yellow potion
Found 8 gold pieces.
You now have 8 gold pieces.
Found a sapphire ring.
You open the door.
There is an open door here.
A worm comes into view.
A goblin comes into view. It is wielding a +0 club.
There is an open door here.
You open the large door.
An adder comes into view.
Found 2 scrolls labelled UHUL JOGIFRO.
There is a large open door here.
The helpless adder fails to defend itself.
You impale the adder!!
You kill the adder!
Your Short Blades skill increases to level 3!
You have reached level 2!
The helpless goblin fails to defend itself.
You impale the goblin!!
You kill the goblin!
Things that are here:
a +0 club; a goblin corpse
j - a scroll labelled UHUL JOGIFRO
j - 2 scrolls labelled UHUL JOGIFRO (gained 1)
You open the door.
A black bear comes into view.
You close the door.
The helpless black bear fails to defend itself.
You impale the black bear!!
The black bear is almost dead.
The black bear bites you! The black bear closely misses you.
The black bear barely misses you.
You hit the black bear but do no damage.
The black bear is almost dead.
You hit the black bear but do no damage.
The black bear is almost dead.
The black bear goes berserk!
You hit the black bear.
The black bear is almost dead.
The black bear misses you. The black bear claws you!
* * * LOW HITPOINT WARNING * * *
The black bear barely misses you. The black bear misses you.
The black bear closely misses you. The black bear claws you.
You die... #.#...P.P...P #.#...P.P.PPP .# ##.###...P.... #. .......P.PPPPP PPPP.. ##.....P.P...P ...P. ######P.P.PPP.PPPPP# P...P...P...P# #### PP.P.P.PPP.P###### .... .P.....P.h@..P...... #### PPPPPPPPPPP.P#####

. #. #.........#
###### #.##.........#
.....# #............#
...#.# ............#
##.#.#####+#....#####
##.#.#..........#
##.#.#..........#


You could see a black bear (berserk).

Vanquished Creatures
  An adder (D:4)
  A goblin (D:4)
2 creatures vanquished.

Notes
Turn   | Place    | Note
-------+----------+-------------------------------------------
     0 | D:5      | EnegeticOcto the Spriggan Delver began the quest for the
                  | Orb.
     0 | D:5      | Reached XP level 1. HP: 11/11 MP: 2/2
     8 | D:5      | Found Dybbokitz's Weapon Shop.
   136 | D:4      | Reached skill level 3 in Short Blades
   136 | D:4      | Reached XP level 2. HP: 16/16 MP: 3/3
   148 | D:4      | Noticed a black bear
   165 | D:4      | Slain by a black bear

Illustrated notes

Levels and vault maps discovered:
D:4:      layout_basic, minmay_statues_item, dk_noncrumbling_4,
          minmay_hedge_maze
D:5:      layout_rooms, lemuel_crystal_altar, trog_hazing_becter, serial_shops,
          shop, minmay_misc_feat_alley, minmay_fire_ice_demons

Skill      XL: |  1 |
---------------+----+-----
Short Blades   | 3 |  3.1
Fighting       | |  2.4
Dodging        | |  2.6
Stealth        | |  7.2

Action                   || total
-------------------------++-------
Melee: Short sword       ||     6
 Stab: Sleeping          ||     3
Dodge: Dodged            ||     6

Table legend: (Time is in decaauts)
 A = Elapsed time spent in this place.
 B = Non-inter-level travel time spent in this place.
 C = Inter-level travel time spent in this place.
 D = Time resting spent in this place.
 E = Time spent auto-exploring this place.
 F = Levels seen in this place.
 G = Mean time per level.
                   A        B        C        D        E       F      G
               +--------+--------+--------+--------+--------+-----+--------+
         Total |    105 |    105 |      0 |      0 |      0 |   2 |   52.5 |
       Dungeon |    105 |    105 |      0 |      0 |      0 |   2 |   52.5 |
               +--------+--------+--------+--------+--------+-----+--------+

Top non-repeatable levels by time:
     D:4: 97 daAuts
     D:5: 7 daAuts
